| TOP OF THE 1ST |
|
San Diego Padres batting - Pitching for Philadelphia Phillies : RHP Scott Bernstein
|
|
Pitching: RHP Scott Bernstein
|
|
|
Batting: LHB Per Meulengracht
|
0-0: Called Strike 0-1: Foul Ball, location: 2F 0-2: Foul Ball, location: 2F 0-2: Ball 1-2: Fly out, F7 (Flyball, 7LM, EV 101.3 MPH)
|
|
Batting: RHB Bobby Ayala
|
0-0: Ball 1-0: SOLO HOME RUN (Flyball, 8RXD, EV 101.9 MPH), Distance : 433 ft
|
|
Batting: LHB Mike Holt
|
0-0: Called Strike 0-1: Ball 1-1: Fly out, F7 (Flyball, 7, EV 80.6 MPH)
|
|
Batting: SHB Jerry Luckwell
|
0-0: Foul Ball, location: 2F 0-1: SOLO HOME RUN (Flyball, 89XD, EV 96.9 MPH), Distance : 391 ft
|
|
Batting: RHB Cesar Breceda
|
0-0: Ball 1-0: Swinging Strike 1-1: Foul Ball, location: 2F 1-2: Foul Ball, location: 2F 1-2: Strikes out swinging
|
| Top of the 1st over - 2 runs, 2 hits, 0 errors, 0 left on base; San Diego 2 - Philadelphia 0 |
| BOTTOM OF THE 1ST |
|
Philadelphia Phillies batting - Pitching for San Diego Padres : LHP Gerardo Amendoeira
|
|
Pitching: LHP Gerardo Amendoeira
|
|
|
Batting: SHB Patrick Kimmel
|
0-0: Called Strike 0-1: Ball 1-1: Ball 2-1: Called Strike 2-2: SOLO HOME RUN (Flyball, 7D, EV 99.4 MPH), Distance : 365 ft
|
|
Batting: LHB Jeff Luvisi
|
0-0: Foul Ball, location: 2F 0-1: Called Strike 0-2: Ball 1-2: Ball 2-2: Foul Ball, location: 2F 2-2: Strikes out looking
|
|
Batting: LHB Eric Katz
|
0-0: Ball 1-0: Ball 2-0: Ball 3-0: Base on Balls
|
|
Batting: LHB Alberto Figueroa
|
0-0: Swinging Strike 0-1: Called Strike 0-2: Ball 1-2: Strikes out looking
|
|
Batting: RHB Raul de la Cruz
|
0-0: Ball 1-0: Called Strike 1-1: Swinging Strike 1-2: Strikes out swinging
|
| Bottom of the 1st over - 1 run, 1 hit, 0 errors, 1 left on base; San Diego 2 - Philadelphia 1 |
| TOP OF THE 2ND |
|
San Diego Padres batting - Pitching for Philadelphia Phillies : RHP Scott Bernstein
|
|
Batting: LHB Aaron LeBlanc
|
0-0: Ball 1-0: Ball 2-0: Fly out, F7 (Flyball, 7LS, EV 86.9 MPH)
|
|
Batting: RHB Chiel Palstermans
|
0-0: Swinging Strike 0-1: Ball 1-1: Ball 2-1: Fly out, F7 (Line Drive, 7D, EV 86.9 MPH)
|
|
Batting: LHB Andy Bowman
|
0-0: Called Strike 0-1: Foul Ball, location: 2F 0-2: Foul Ball, location: 2F 0-2: Ball 1-2: Ball 2-2: Strikes out looking
|
| Top of the 2nd over - 0 runs, 0 hits, 0 errors, 0 left on base; San Diego 2 - Philadelphia 1 |
| BOTTOM OF THE 2ND |
|
Philadelphia Phillies batting - Pitching for San Diego Padres : LHP Gerardo Amendoeira
|
|
Batting: LHB Ryan Trombley
|
0-0: Called Strike 0-1: Foul Ball, location: 2F 0-2: Ball 1-2: Ball 2-2: Strikes out swinging
|
|
Batting: RHB Luis Arce
|
0-0: DOUBLE (Line Drive, 7LD, EV 107.5 MPH)
|
|
Batting: SHB Rafael Vazquez
|
0-0: Swinging Strike 0-1: Called Strike 0-2: Strikes out swinging
|
|
Batting: RHB Mitch Boyd
|
0-0: Ball 1-0: Foul Ball, location: 2F 1-1: Foul Ball, location: 2F 1-2: Ball 2-2: Strikes out swinging
|
| Bottom of the 2nd over - 0 runs, 1 hit, 0 errors, 1 left on base; San Diego 2 - Philadelphia 1 |
| TOP OF THE 3RD |
|
San Diego Padres batting - Pitching for Philadelphia Phillies : RHP Scott Bernstein
|
|
Batting: RHB Alois Wollf
|
0-0: Ground out 5-3 (Groundball, 56S, EV 88.1 MPH)
|
|
Batting: LHB Per Meulengracht
|
0-0: Ball 1-0: Foul Ball, location: 2F 1-1: SINGLE (Line Drive, 34, EV 94.4 MPH)
|
|
Batting: RHB Bobby Ayala
|
0-0: Ball 1-0: Ball 2-0: Ball 3-0: Called Strike 3-1: Base on Balls Per Meulengracht to second
|
|
Batting: LHB Mike Holt
|
0-0: Foul Ball, location: 2F 0-1: Grounds into double play, 6-4-3 (Groundball, 6MS, EV 86.3 MPH)
|
| Top of the 3rd over - 0 runs, 1 hit, 0 errors, 1 left on base; San Diego 2 - Philadelphia 1 |
| BOTTOM OF THE 3RD |
|
Philadelphia Phillies batting - Pitching for San Diego Padres : LHP Gerardo Amendoeira
|
|
Batting: SHB Patrick Kimmel
|
0-0: Ball 1-0: Swinging Strike 1-1: Called Strike 1-2: Foul Ball, location: 2F 1-2: Strikes out looking
|
|
Batting: LHB Jeff Luvisi
|
0-0: Ball 1-0: Fly out, F9 (Line Drive, 9, EV 102.5 MPH)
|
|
Batting: LHB Eric Katz
|
0-0: Swinging Strike 0-1: Ground out 4-3 (Groundball, 34D, EV 108.8 MPH)
|
| Bottom of the 3rd over - 0 runs, 0 hits, 0 errors, 0 left on base; San Diego 2 - Philadelphia 1 |
| TOP OF THE 4TH |
|
San Diego Padres batting - Pitching for Philadelphia Phillies : RHP Scott Bernstein
|
|
Batting: SHB Jerry Luckwell
|
0-0: Ball 1-0: SINGLE (Groundball, 6D, EV 108.1 MPH)
|
|
Batting: RHB Cesar Breceda
|
0-0: Foul Ball, location: 2F 0-1: Hit by Pitch Jerry Luckwell to second
|
|
Batting: LHB Aaron LeBlanc
|
0-0: Called Strike 0-1: Fly out, F7 (Flyball, 78S, EV 95.0 MPH)
|
|
Batting: RHB Chiel Palstermans
|
0-0: Ball Wild Pitch! Jerry Luckwell to third Cesar Breceda to second 1-0: Called Strike 1-1: Ball 2-1: Ball 3-1: Foul Ball, location: 2F 3-2: Strikes out looking
|
|
Batting: LHB Andy Bowman
|
0-0: Ground out 4-3 (Groundball, 34D, EV 88.8 MPH)
|
| Top of the 4th over - 0 runs, 1 hit, 0 errors, 2 left on base; San Diego 2 - Philadelphia 1 |
| BOTTOM OF THE 4TH |
|
Philadelphia Phillies batting - Pitching for San Diego Padres : LHP Gerardo Amendoeira
|
|
Batting: LHB Alberto Figueroa
|
0-0: Called Strike 0-1: Ball 1-1: SINGLE (Groundball, 34D, EV 104.4 MPH)
|
|
Batting: RHB Raul de la Cruz
|
0-0: Ball 1-0: Ball 2-0: Ball 3-0: Called Strike 3-1: Foul Ball, location: 2F 3-2: DOUBLE (Groundball, 5L, EV 108.8 MPH) Alberto Figueroa to third
|
|
Batting: LHB Ryan Trombley
|
0-0: Ball 1-0: Ball 2-0: Fly out, F7 (Flyball, 78XD, EV 86.9 MPH) Runner from 3rd tags up, SCORES, no throw by LF
|
|
Batting: RHB Luis Arce
|
0-0: Ball 1-0: DOUBLE (Line Drive, 78M, EV 97.5 MPH) Raul de la Cruz scores
|
|
Batting: SHB Rafael Vazquez
|
0-0: Called Strike 0-1: Fly out, F7 (Flyball, 7LS, EV 92.5 MPH)
|
|
Batting: RHB Mitch Boyd
|
0-0: Ball 1-0: Called Strike 1-1: Fly out, F8 (Flyball, 89M, EV 85.0 MPH)
|
| Bottom of the 4th over - 2 runs, 3 hits, 0 errors, 1 left on base; San Diego 2 - Philadelphia 3 |
| TOP OF THE 5TH |
|
San Diego Padres batting - Pitching for Philadelphia Phillies : RHP Scott Bernstein
|
|
Batting: RHB Alois Wollf
|
0-0: Ball 1-0: Foul Ball, location: 2F 1-1: Foul Ball, location: 2F 1-2: Ball 2-2: Strikes out swinging
|
|
Batting: LHB Per Meulengracht
|
0-0: Foul Ball, location: 2F 0-1: Called Strike 0-2: Fly out, F6 (Line Drive, 6, EV 67.5 MPH)
|
|
Batting: RHB Bobby Ayala
|
0-0: Swinging Strike 0-1: Ground out 6-3 (Groundball, 6MD, EV 108.8 MPH)
|
| Top of the 5th over - 0 runs, 0 hits, 0 errors, 0 left on base; San Diego 2 - Philadelphia 3 |
| BOTTOM OF THE 5TH |
|
Philadelphia Phillies batting - Pitching for San Diego Padres : LHP Gerardo Amendoeira
|
|
Batting: SHB Patrick Kimmel
|
0-0: Swinging Strike 0-1: Foul Ball, location: 2F 0-2: Ball 1-2: Strikes out looking
|
|
Batting: LHB Jeff Luvisi
|
0-0: Ball 1-0: Ball 2-0: Swinging Strike 2-1: Called Strike 2-2: DOUBLE (Line Drive, 89XD, EV 99.4 MPH)
|
|
Batting: LHB Eric Katz
|
0-0: Ball 1-0: Called Strike 1-1: Ground out 4-3 (Groundball, 4, EV 97.5 MPH) Jeff Luvisi to third
|
|
Batting: LHB Alberto Figueroa
|
0-0: Ball 1-0: Called Strike 1-1: Swinging Strike 1-2: Strikes out looking
|
| Bottom of the 5th over - 0 runs, 1 hit, 0 errors, 1 left on base; San Diego 2 - Philadelphia 3 |
| TOP OF THE 6TH |
|
San Diego Padres batting - Pitching for Philadelphia Phillies : RHP Scott Bernstein
|
|
Batting: LHB Mike Holt
|
0-0: Ball 1-0: Swinging Strike 1-1: Foul Ball, location: 2F 1-2: Fly out, F8 (Line Drive, 8RM, EV 98.1 MPH)
|
|
Batting: SHB Jerry Luckwell
|
0-0: Ball 1-0: Ball 2-0: Called Strike 2-1: Fly out, F7 (Flyball, 7, EV 93.1 MPH)
|
|
Batting: RHB Cesar Breceda
|
0-0: Ball 1-0: Foul Ball, location: 2F 1-1: Foul Ball, location: 2F 1-2: Ground out 6-3 (Groundball, 6, EV 90.6 MPH)
|
| Top of the 6th over - 0 runs, 0 hits, 0 errors, 0 left on base; San Diego 2 - Philadelphia 3 |
| BOTTOM OF THE 6TH |
|
Philadelphia Phillies batting - Pitching for San Diego Padres : LHP Gerardo Amendoeira
|
|
Batting: RHB Raul de la Cruz
|
0-0: Ball 1-0: Fly out, F4 (Popup, 23, EV 89.4 MPH)
|
|
Batting: LHB Ryan Trombley
|
0-0: Called Strike 0-1: Called Strike 0-2: Ball 1-2: Ball 2-2: Strikes out looking
|
|
Batting: RHB Luis Arce
|
0-0: Called Strike 0-1: Fly out, F9 (Flyball, 9, EV 94.4 MPH)
|
| Bottom of the 6th over - 0 runs, 0 hits, 0 errors, 0 left on base; San Diego 2 - Philadelphia 3 |
| TOP OF THE 7TH |
|
San Diego Padres batting - Pitching for Philadelphia Phillies : RHP Scott Bernstein
|
|
Batting: LHB Aaron LeBlanc
|
0-0: Swinging Strike 0-1: Swinging Strike 0-2: Ball 1-2: Foul Ball, location: 2F 1-2: Ball 2-2: Ground out 6-3 (Groundball, 6MS, EV 67.5 MPH)
|
|
Batting: RHB Chiel Palstermans
|
0-0: Called Strike 0-1: Ball 1-1: Ball 2-1: Ball 3-1: Ground out 5-3 (Groundball, 5L, EV 89.4 MPH)
|
|
Batting: LHB Andy Bowman
|
0-0: Called Strike 0-1: Fly out, F8 (Line Drive, 8LM, EV 93.1 MPH)
|
| Top of the 7th over - 0 runs, 0 hits, 0 errors, 0 left on base; San Diego 2 - Philadelphia 3 |
| BOTTOM OF THE 7TH |
|
Philadelphia Phillies batting - Pitching for San Diego Padres : LHP Gerardo Amendoeira
|
|
Batting: SHB Rafael Vazquez
|
0-0: Ball 1-0: Called Strike 1-1: Foul Ball, location: 2F 1-2: Ground out 5-3 (Groundball, 56S, EV 85.0 MPH)
|
|
Batting: RHB Mitch Boyd
|
0-0: Ball 1-0: Ball 2-0: Called Strike 2-1: Swinging Strike 2-2: Foul Ball, location: 2F 2-2: Ball 3-2: Base on Balls
|
|
Pitching: RHP Raul Almonte
|
|
|
Batting: SHB Patrick Kimmel
|
0-0: Ball 1-0: Ball 2-0: Fly out, F5 (Popup, 6, EV 78.8 MPH)
|
|
Batting: LHB Jeff Luvisi
|
0-0: Swinging Strike 0-1: Swinging Strike 0-2: Ground out U3 (Groundball, 34S, EV 68.8 MPH)
|
| Bottom of the 7th over - 0 runs, 0 hits, 0 errors, 1 left on base; San Diego 2 - Philadelphia 3 |
| TOP OF THE 8TH |
|
San Diego Padres batting - Pitching for Philadelphia Phillies : RHP Scott Bernstein
|
|
Batting: RHB Alois Wollf
|
0-0: Called Strike 0-1: Called Strike 0-2: Ball 1-2: SINGLE (Flyball, 8LS, EV 86.3 MPH)
|
|
Batting: LHB Per Meulengracht
|
0-0: Sac Bunt to 23 - play at first, batter OUT! 3-4 Alois Wollf to second
|
|
Batting: RHB Bobby Ayala
|
0-0: Called Strike 0-1: Ball 1-1: Fly out, F9 (Flyball, 9, EV 82.5 MPH)
|
|
Batting: LHB Mike Holt
|
0-0: Ball 1-0: Ball 2-0: Ground out 4-3 (Groundball, 4, EV 81.3 MPH)
|
| Top of the 8th over - 0 runs, 1 hit, 0 errors, 1 left on base; San Diego 2 - Philadelphia 3 |
| BOTTOM OF THE 8TH |
|
Philadelphia Phillies batting - Pitching for San Diego Padres : RHP Raul Almonte
|
|
Batting: LHB Eric Katz
|
0-0: Called Strike 0-1: Ball 1-1: Ground out 4-3 (Groundball, 4, EV 86.9 MPH)
|
|
Batting: LHB Alberto Figueroa
|
0-0: Foul Ball, location: 2F 0-1: Swinging Strike 0-2: Strikes out swinging
|
|
Batting: RHB Raul de la Cruz
|
0-0: Ball 1-0: Ball 2-0: Ball 3-0: Base on Balls
|
|
Batting: LHB Ryan Trombley
|
Pickoff Throw to First - Out! 1-3
|
| Bottom of the 8th over - 0 runs, 0 hits, 0 errors, 0 left on base; San Diego 2 - Philadelphia 3 |
| TOP OF THE 9TH |
|
San Diego Padres batting - Pitching for Philadelphia Phillies : RHP Scott Bernstein
|
|
Pitching: LHP Randy Karnes
|
|
|
Batting: SHB Jerry Luckwell
|
0-0: Ball 1-0: Ball 2-0: Called Strike 2-1: DOUBLE (Line Drive, 9LM, EV 114.4 MPH)
|
|
Batting: RHB Cesar Breceda
|
0-0: Ball 1-0: Foul Ball, location: 2F 1-1: Called Strike 1-2: Ball 2-2: Ball 3-2: Foul Ball, location: 2F 3-2: Base on Balls
|
|
Batting: RHB Carlos Reyes
|
0-0: Called Strike 0-1: Foul Ball, location: 2F 0-2: Ball 1-2: Ball 2-2: Foul Ball, location: 2F 2-2: Strikes out swinging
|
|
Batting: RHB Chiel Palstermans
|
0-0: Ball 1-0: Fly out, F4 (Popup, 34, EV 73.8 MPH)
|
|
Pinch Hitting: RHB Alberto Cotto
|
0-0: Called Strike 0-1: Foul Ball, location: 2F 0-2: Fly out, F4 (Popup, 34, EV 63.8 MPH)
|
| Top of the 9th over - 0 runs, 1 hit, 0 errors, 2 left on base; San Diego 2 - Philadelphia 3 |
|